 Dungeon Crawl Stone Soup version 0.30-a0-40-gc6d0f036a7 (webtiles) character file.

Game seed: 10265621860131710665

777 ytrimaz the Changer (level 7, -9/96 HPs)
             Began as an Octopode Transmuter on Aug 29, 2022.
             Killed by divine providence
             ... invoked by an orc priest
              (11 damage)
             ... on level 5 of the Dungeon.
             The game lasted 00:04:16 (5873 turns).

ytrimaz the Changer (Octopode Transmuter)           Turns: 5873, Time: 00:04:18

Health: -9/96      AC: 23    Str:  8 (10) XL:     7   Next: 84%
Magic:  12/14      EV:  2    Int: 13 (17) God:
Gold:   250        SH:  0    Dex: 10 (12) Spells: 4/14 levels left

rFire   + . .      SeeInvis .      - Unarmed
rCold   + . .      Faith    .    (no shield)
rNeg    + . .      Spirit   .    (helmet currently unavailable)
rPois   +          Reflect  .    g - amulet of regeneration
rElec   +          Harm     .    d - ring of positive energy
rCorr   +          Rampage  .    (no ring)
Will    +....      NoTele   +    (no ring)
Stlth   ..........               (no ring)
HPRegen 1.06/turn                (no ring)
MPRegen 0.14/turn                (no ring)
                                 (no ring)
                                 (no ring)

@: berserking, lethally poisoned (-9 -> -9), tree-form, resistant, attractive,
very quick
A: stationary, stasis, torment immunity, boosted hp, almost no armour,
(amphibious), 8 rings, (camouflage 1), (gelatinous body 1), (nimble swimmer 1),
(tentacles), high MP 1, strong-willed 1, screaming 1
a: no special abilities


You were on level 5 of the Dungeon.
You were a tree.
You visited 2 branches of the dungeon, and saw 6 of its levels.

You collected 250 gold pieces.

Inventory:

Jewellery
 d - a ring of positive energy (left branch)
 g - an amulet of regeneration (around neck)
Wands
 i - a wand of iceblast (9)
 o - a wand of digging (3)
Scrolls
 a - a scroll of fear
 j - 2 scrolls of immolation
 m - a scroll of teleportation
 p - a scroll of magic mapping
Potions
 c - a potion of mutation
 e - 3 potions of might
 f - a potion of resistance
 h - 2 potions of lignification
 l - a potion of berserk rage
 n - 3 potions of curing {unknown}


   Skills:
 - Level 1.0 Fighting
 - Level 2.0 Dodging
 - Level 4.1 Unarmed Combat
 + Level 4.1 Spellcasting
 + Level 4.3 Transmutations
 - Level 4.0 Ice Magic
 - Level 4.0 Poison Magic


You had 4 spell levels left.
You knew the following spells:

 Your Spells              Type           Power      Damage    Failure   Level
a - Beastly Appendage     Tmut           28%        N/A       3%          1
b - Wereblood             Tmut           14%        N/A       4%          2
c - Spider Form           Tmut/Pois      13%        N/A       11%         3
d - Ice Form              Ice/Tmut       13%        N/A       36%         4

Your spell library contained the following spells:

 Spells                   Type           Power      Damage    Failure   Level
 Sting                    Tmut/Pois      52%        1d5       3%          1
 Poisonous Vapours        Pois/Air       14%        N/A       14%         2
 Shock                    Conj/Air       8%         1d3       21%         1
 Olgreb's Toxic Radiance  Pois           13%        N/A       36%         4
 Call Canine Familiar     Summ           2%         N/A       52%         3
 Portal Projectile        Hex/Tloc       4%         N/A       52%         3
 Stone Arrow              Conj/Erth      4%         3d7       52%         3
 Summon Guardian Golem    Hex/Summ       2%         N/A       52%         3
 Swiftness                Air            2%         N/A       52%         3
 Airstrike                Air            1%         2d(1-17)  90%         4
 Leda's Liquefaction      Hex/Erth       1%         N/A       90%         4
 Orb of Destruction       Conj           1%         9d5       100%        7
 Spellforged Servitor     Conj/Summ      1%         N/A       100%        7
 Lehudib's Crystal Spear  Conj/Erth      1%         10d2      100%        8
 Animate Armour           Summ/Erth      Unusable   N/A       N/A         4

Dungeon Overview and Level Annotations

Branches:
Dungeon (5/15)             Temple (1/1) D:4

Altars:
Cheibriados
Dithmenos
Fedhas
Gozag
Hepliaklqana
Kikubaaqudgha
Makhleb
Nemelex Xobeh
Okawaru
Qazlal
Ru
Sif Muna
Trog
Uskayaw
Vehumet
Wu Jian
Xom
Yredelemnul
The Shining One

Annotations:
D:3 1 runed translucent door, Crazy Yiuf
D:5 3 runed translucent doors, Zvl3's ghost, novice MiMo


Innate Abilities, Weirdness & Mutations

You are a tree.
Your roots penetrate the ground, keeping you stationary.
You cannot be teleported.
You are immune to unholy pain and torment.
Your maximum health is greatly increased.
You cannot wear most types of armour.
((You are amphibious.))
You can wear up to eight rings at the same time.
((Your skin changes colour to match your surroundings (Stealth+).))
((Your rubbery body absorbs attacks. (AC +1, EV +1)))
((You are camouflaged when in or above water. (Stealth+)))
((You have tentacles for arms and can constrict up to eight enemies at once.))
You have an increased reservoir of magic. (+10% MP)
You are strong-willed. (Will+)
You occasionally shout uncontrollably at your foes.


Message History

You feel attractive to monsters.
You feel very sick. The water moccasin bites you.
* * * LOW HITPOINT WARNING * * *
The orc priest looks satisfied for a moment.
Unknown command.
It was a potion of resistance.
You feel protected.
You feel sick.
The water moccasin bites you but does no damage.
The orc priest calls down the wrath of Beogh upon you.
Beogh smites you!
* * * LOW HITPOINT WARNING * * *
The water moccasin bites you.
* * * LOW HITPOINT WARNING * * *
It was a potion of degeneration.
There was something very wrong with that liquid.
You feel weakened.
You feel dopey.
You feel clumsy.
* * * LOW HITPOINT WARNING * * *
You feel sick.
The water moccasin bites you but does no damage.
Unknown command.
It was a potion of berserk rage.
A red film seems to cover your vision as you go berserk!
You feel yourself moving faster!
You feel mighty!
You feel sick.
The water moccasin bites you but does no damage.
You closely miss the water moccasin.
The water moccasin is moderately wounded.
The water moccasin bites you but does no damage.
You smack the water moccasin!
The water moccasin is almost dead.
You feel sick.
The water moccasin bites you but does no damage.
You barely miss the water moccasin.
The water moccasin is almost dead.
You feel sick.
The water moccasin bites you but does no damage.
The orc priest calls down the wrath of Beogh upon you.
Beogh smites you!
You die...

..c. ###(..........
.....## #.....<.....
....... #
####........... ....)..
................. ......
#.##.....>......
......##
#...............
#...########............
#..oo.S.## ##..#########
###.###♣.# ##..# Y.....#
#.# ##.###...#5......#
#o# #.##....#h[.....+
o.# #.......#W?.....+
... ##......#.......+
##.. #......#.......#
#.. ##.....#.......#
#..# #.....#########
........ ......


You could see a water moccasin and 2 orc priests.

Vanquished Creatures
  Sigmund (D:2)
  Menkaure (D:4)
  An ogre (D:4)
  A centaur (D:3)
  A kobold brigand (D:3)
  Jessica (D:2)
  An iguana (D:4)
  4 gnolls (D:2)
  9 adders
  A white imp (D:5)
  An ufetubus (D:4)
  2 worms
  3 dart slugs
  6 ball pythons
  11 endoplasms
  2 giant cockroaches
  6 goblins
  8 hobgoblins
  4 jackals (D:4)
  4 kobolds
  3 quokkas
  7 bats
  A frilled lizard (D:3)
  3 rats
82 creatures vanquished.

Notes
Turn   | Place    | Note
-------+----------+-------------------------------------------
     0 | D:1      | ytrimaz the Octopode Transmuter began the quest for the
                  | Orb.
     0 | D:1      | Reached XP level 1. HP: 13/13 MP: 3/3
   188 | D:1      | Reached XP level 2. HP: 14/18 MP: 3/5
   844 | D:1      | Reached XP level 3. HP: 22/23 MP: 4/6
   847 | D:1      | Learned a level 2 spell: Wereblood
   851 | D:1      | Learned a level 3 spell: Spider Form
  1625 | D:2      | Noticed Jessica
  1638 | D:2      | Reached skill level 1 in Poison Magic
  1911 | D:2      | Noticed Sigmund
  1928 | D:2      | Killed Sigmund
  1929 | D:2      | Reached XP level 4. HP: 12/28 MP: 6/8
  1929 | D:2      | Reached XP level 5. HP: 14/33 MP: 6/9
  2287 | D:2      | Reached XP level 6. HP: 35/38 MP: 8/10
  2292 | D:2      | Learned a level 4 spell: Ice Form
  2371 | D:2      | Found a faded altar of an unknown god.
  2429 | D:2      | You fall into a shaft and drop 1 floor!
  2669 | D:3      | Found an ornate altar of the Wu Jian Council.
  2671 | D:3      | Found a shimmering blue altar of Sif Muna.
  2995 | D:2      | Killed Jessica
  2996 | D:2      | Reached skill level 1 in Ice Magic
  3887 | D:3      | Reached XP level 7. HP: 36/43 MP: 5/12
  4180 | D:3      | Found a faded altar of an unknown god.
  4181 | D:3      | Found a hazy altar of Hepliaklqana.
  4314 | D:3      | Found a runed translucent door.
  4315 | D:3      | Noticed Crazy Yiuf
  4756 | D:4      | Noticed Menkaure
  4761 | D:4      | Gained mutation: Your body sometimes deteriorates upon
                  | taking damage. [mutagenic glow]
  4766 | D:4      | Killed Menkaure
  4780 | D:4      | Gained mutation: You occasionally lose the ability to read
                  | scrolls when taking damage. [mutagenic glow]
  4853 | D:4      | Identified the +1 plate armour of Twilight {Contam Int+4
                  | Dex+3}
  5005 | D:4      | Found a staircase to the Ecumenical Temple.
  5020 | Temple   | Entered the Ecumenical Temple
  5721 | D:5      | Entered Level 5 of the Dungeon
  5730 | D:5      | Found a runed translucent gate.
  5731 | D:5      | Found a runed translucent gate.
  5731 | D:5      | Found a runed translucent gate.
  5734 | D:5      | Noticed Zvl3's ghost (novice MiMo)
  5866 | D:5      | Lost mutation: You occasionally lose the ability to read
                  | scrolls when taking damage. [potion of mutation]
  5866 | D:5      | Lost mutation: Your body sometimes deteriorates upon taking
                  | damage. [potion of mutation]
  5866 | D:5      | Gained mutation: You are strong-willed. (Will+) [potion of
                  | mutation]
  5866 | D:5      | Gained mutation: You occasionally shout uncontrollably at
                  | your foes. [potion of mutation]
  5866 | D:5      | Gained mutation: You have an increased reservoir of magic.
                  | (+10% MP) [potion of mutation]
  5868 | D:5      | HP: 3/64 [water moccasin (2)]
  5873 | D:5      | HP: 2/96 [poisoned by a water moccasin]
  5873 | D:5      | Killed from afar by an orc priest

Illustrated notes

Levels and vault maps discovered:
D:1:      minmay_arrival_four_houses, layout_loops_corners,
          nicolae_eternal_life, minmay_3d_cube
D:2:      layout_loops_ring, ebering_ecumenical_altar_abandoned, uniq_sigmund,
          uniq_jessica
D:3:      wad_pebble_path, layout_loops_ring,
          chequers_temple_overflow_statue_of_worship,
          beargit_hepliaklqana_dungeon_heroes, uniq_crazy_yiuf_cottage
D:4:      layout_basic, minmay_temple_entry_ruins, moated_statue,
          item_on_display_a, uniq_menkaure
D:5:      layout_rooms, gammafunk_ghost_split, minmay_misc_feat_tower,
          uniq_duvessa
Temple:   eino_temple_scatter_basement

Skill      XL: |  1  2  3  4  5  6  7 |
---------------+----------------------+-----
Unarmed Combat | 4 |  4.1
Poison Magic   | 3 4 |  4.0
Transmutations | 3 4 |  4.3
Spellcasting   | 3 4 |  4.1
Ice Magic      | 2 4 |  4.0
Fighting       | |  1.0
Dodging        | |  2.0

Action                   |  1- 3 |  4- 6 |  7- 9 || total
-------------------------+-------+-------+-------++-------
Melee: Unarmed           |    78 |    73 |    68 ||   219
       Constrict         |    17 |     8 |     4 ||    29
       Kick              |    14 |     7 |       ||    21
       Tentacles         |     8 |     5 |     5 ||    18
       Punch             |     4 |       |       ||     4
 Cast: Beastly Appendage |    12 |    10 |       ||    22
       Spider Form       |       |     5 |     8 ||    13
       Ice Form          |       |       |     2 ||     2
  Use: Scroll            |     3 |     2 |     3 ||     8
       Potion            |     1 |       |     6 ||     7
 Stab: Sleeping          |     3 |     1 |       ||     4
Armor: Skin              |    10 |     7 |    12 ||    29
Dodge: Dodged            |    35 |    48 |    46 ||   129

Table legend: (Time is in decaauts)
 A = Elapsed time spent in this place.
 B = Non-inter-level travel time spent in this place.
 C = Inter-level travel time spent in this place.
 D = Time resting spent in this place.
 E = Time spent auto-exploring this place.
 F = Levels seen in this place.
 G = Mean time per level.
                   A        B        C        D        E       F      G
               +--------+--------+--------+--------+--------+-----+--------+
         Total |   5853 |   5655 |    198 |    234 |   4717 |   6 |  975.5 |
       Dungeon |   5704 |   5513 |    191 |    234 |   4592 |   5 | 1140.8 |
        Temple |    149 |    142 |      7 |      0 |    125 |   1 |  149.0 |
               +--------+--------+--------+--------+--------+-----+--------+

Top non-repeatable levels by time:
     D:2: 1876 daAuts
     D:1: 1609 daAuts
     D:4: 1109 daAuts
     D:3: 958 daAuts
     D:5: 150 daAuts
  Temple: 149 daAuts
